 Dungeon Crawl Stone Soup version 0.31.0-9-g3a7656b989 (webtiles) character file.

Game seed: 8554243761821918028

1487 Arctor the Fighter (level 8, -6/68 HPs)
             Began as a Barachi Fighter on Jan 24, 2024.
             Killed from afar by a steam dragon (7 damage)
             ... with a ball of steam
             ... on level 7 of the Dungeon.
             The game lasted 00:07:26 (7479 turns).

Arctor the Fighter (Barachi Fighter)                Turns: 7479, Time: 00:07:27

Health: -6/68      AC: 11    Str: 20    XL:     8   Next: 80%
Magic:  8/8        EV:  9    Int:  8    God:
Gold:   458        SH:  6    Dex: 18    Spells: 7/7 levels left

rFire   . . .        g - +4 dagger
rCold   . . .        c - +0 buckler
rNeg    . . .        b - +0 scale mail
rPois   .            (no helmet)
rElec   .            (no cloak)
rCorr   .            f - +2 pair of gloves
SInv    +            (no boots)
Will    .....        (no amulet) Stlth
                     l - ring of flight
HPRegen 0.31/turn    h - +6 ring of dexterity
MPRegen 0.11/turn

%: no passive effects
@: flying, slow
A: amphibious, slowness 1, strong legs 1, +LOS, see invisible
a: Hop


You were on level 7 of the Dungeon.
You visited 1 branch of the dungeon, and saw 7 of its levels.
You also visited: Ossuary.

You collected 458 gold pieces.

Inventory:

Hand Weapons
 a - a +0 war axe
 g - a +4 dagger (weapon)
 k - a +4 dagger
 q - a +3 dagger
 w - a +0 orcbow
Armour
 b - a +0 scale mail (worn)
 c - a +0 buckler (worn)
 f - a +2 pair of gloves (worn)
Jewellery
 h - a +6 ring of dexterity (right hand)
 l - a ring of flight (left hand)
 o - a ring of fire
 v - a +6 ring of intelligence
Wands
 j - a wand of mindburst (8)
 t - a wand of quicksilver (7)
Scrolls
 d - 3 scrolls of torment
 i - a scroll of poison
Potions
 e - 2 potions of brilliance
 m - 2 potions of curing
 n - a potion of haste
 p - a potion of mutation
 r - a potion of magic {unknown}
 s - 2 potions of resistance {unknown}
 u - 2 potions of lignification {unknown}


   Skills:
 + Level 8.1 Fighting
 + Level 1.8 Short Blades
 - Level 2.6 Axes
 + Level 8.0 Armour
 + Level 7.3 Shields


You had 7 spell levels left.
You didn't know any spells.
Your spell library contained the following spells:

 Spells                   Type           Power      Damage    Failure   Level
 Tukima's Dance           Hex            0%         N/A       98%         3
 Dimensional Bullseye     Hex/Tloc       0%         N/A       100%        4
 Iskenderun's Mystic Bla  Conj/Tloc      0%         2d3       100%        4


Dungeon Overview and Level Annotations

Branches:
Dungeon (7/15)            Ossuary (visited)
 Temple: D:4-7

Altars:
Cheibriados
Dithmenos
Elyvilon
Fedhas
Nemelex Xobeh
Vehumet
Zin

Shops:
D:6 =


Innate Abilities, Weirdness & Mutations

You are amphibious.
You cover ground slowly.
You can hop short distances.
You have an extended range of vision and can be seen from far away.
You have supernaturally acute eyesight. (SInv)


Message History

The ball of steam hits you but does no damage.
You barely miss the steam dragon.
The steam dragon is heavily wounded.
You are engulfed in a cloud of scalding steam.
The steam dragon barely misses you. You block the steam dragon's attack.
You barely miss the steam dragon.
The steam dragon is heavily wounded.
You are engulfed in a cloud of scalding steam.
The steam dragon breathes steam at you. The ball of steam hits you!
You hit the steam dragon.
The steam dragon is severely wounded.
You are engulfed in a cloud of scalding steam.
You block the steam dragon's attack.
The steam dragon claws you but does no damage.
You hit the steam dragon but do no damage.
The steam dragon is severely wounded.
You are engulfed in a cloud of scalding steam.
The steam dragon breathes steam at you. The ball of steam hits you!!
* * * LOW HITPOINT WARNING * * *
You hit the steam dragon but do no damage.
The steam dragon is severely wounded.
You hit the steam dragon.
The steam dragon is severely wounded.
The steam dragon closely misses you.
The steam dragon claws you but does no damage.
It was a potion of curing.
You feel better. The steam dragon bites you!
* * * LOW HITPOINT WARNING * * *
You block the steam dragon's attack.
Okay, then.
You closely miss the steam dragon.
The steam dragon is severely wounded.
The steam dragon barely misses you. The steam dragon claws you.
* * * LOW HITPOINT WARNING * * *
You barely miss the steam dragon.
The steam dragon is severely wounded.
The steam dragon breathes steam at you. The ball of steam hits you!
You die...

## ## ##. .#### ##..#....
#.......############
###..................#
.........##########.##
#....).##...........<
#...D.# #.########.#. #
#@# #.# #.#. #. #.# #.#
#.#.
#####..#.####.########.#.
#..$....†...........##.#.
#.####.........###...#...
#.######............ #.
##.###...#... .. #.#
##.##.#. ._ #.# #.##.#.


You could see a steam dragon (catching breath).

Vanquished Creatures
  A water moccasin (D:5)
  An ice beast (D:5)
  A sky beast (D:7)
  An ogre (D:6)
  2 elf zombies (Ossuary)
  A weeping skull (Ossuary)
  2 scorpions (D:7)
  A burial acolyte (Ossuary)
  A bombardier beetle (D:5)
  2 orc priests (D:5)
  A gnoll bouda (D:6)
  5 hounds
  A human zombie (Ossuary)
  2 sleepcaps
  4 iguanas
  An orc wizard (D:6)
  2 mummies (Ossuary)
  11 adders
  4 gnolls
  2 adder zombies (Ossuary)
  3 dart slugs
  9 orcs
  5 ball pythons
  8 endoplasms
  A giant cockroach (D:1)
  A gnoll zombie (D:4)
  8 goblins
  10 hobgoblins
  6 jackals (D:4)
  5 kobolds
  6 quokkas
  4 bats
  5 frilled lizards
  A kobold zombie (D:4)
  4 rats
122 creatures vanquished.

Notes
Turn   | Place    | Note
-------+----------+-------------------------------------------
     0 | D:1      | Arctor the Barachi Fighter began the quest for the Orb.
     0 | D:1      | Reached XP level 1. HP: 18/18 MP: 1/1
   198 | D:1      | Reached XP level 2. HP: 25/25 MP: 2/2
   622 | D:1      | Reached XP level 3. HP: 30/30 MP: 3/3
  1121 | D:2      | You fall into a shaft and drop 2 floors!
  1170 | D:4      | Reached XP level 4. HP: 31/38 MP: 4/4
  1224 | D:4      | Reached XP level 5. HP: 25/43 MP: 5/5
  1424 | D:4      | Reached skill level 5 in Fighting
  1542 | D:4      | Found a sand-covered staircase.
  1561 | Ossuary  | Entered an ossuary
  1561 | Ossuary  | Found a huge runed translucent gate.
  1561 | Ossuary  | Found a huge runed translucent gate.
  1561 | Ossuary  | Found a huge runed translucent gate.
  1561 | Ossuary  | Found a huge runed translucent gate.
  1561 | Ossuary  | Found a huge runed translucent gate.
  1561 | Ossuary  | Found a huge runed translucent gate.
  1561 | Ossuary  | Found a huge runed translucent gate.
  1561 | Ossuary  | Found a huge runed translucent gate.
  1561 | Ossuary  | Found a huge runed translucent gate.
  1561 | Ossuary  | Found a huge runed translucent gate.
  1561 | Ossuary  | Found a huge runed translucent gate.
  1562 | Ossuary  | Found a huge runed translucent gate.
  1562 | Ossuary  | Found a huge runed translucent gate.
  1564 | Ossuary  | Found a huge runed translucent gate.
  1564 | Ossuary  | Found a huge runed translucent gate.
  1565 | Ossuary  | Found a huge runed translucent gate.
  1565 | Ossuary  | Found a huge runed translucent gate.
  1565 | Ossuary  | Found a huge runed translucent gate.
  1565 | Ossuary  | Found a huge runed translucent gate.
  1565 | Ossuary  | Found a huge runed translucent gate.
  1568 | Ossuary  | Found a huge runed translucent gate.
  1568 | Ossuary  | Found a huge runed translucent gate.
  1596 | Ossuary  | Reached skill level 5 in Armour
  1596 | Ossuary  | Reached XP level 6. HP: 38/51 MP: 6/6
  1641 | Ossuary  | Found a huge runed translucent gate.
  1642 | Ossuary  | Found a huge runed translucent gate.
  1642 | Ossuary  | Found a huge runed translucent gate.
  1642 | Ossuary  | Found a huge runed translucent gate.
  1643 | Ossuary  | Found a huge runed translucent gate.
  1643 | Ossuary  | Found a huge runed translucent gate.
  1644 | Ossuary  | Found a huge runed translucent gate.
  1644 | Ossuary  | Found a huge runed translucent gate.
  1646 | Ossuary  | Found a huge runed translucent gate.
  1646 | Ossuary  | Found a huge runed translucent gate.
  1646 | Ossuary  | Found a huge runed translucent gate.
  1646 | Ossuary  | Found a huge runed translucent gate.
  1650 | Ossuary  | Found a huge runed translucent gate.
  1853 | Ossuary  | Reached skill level 5 in Shields
  1868 | Ossuary  | Reached XP level 7. HP: 46/58 MP: 7/7
  2691 | D:5      | Entered Level 5 of the Dungeon
  3101 | D:5      | Found a blossoming altar of Fedhas.
  3410 | D:5      | Reached XP level 8. HP: 63/67 MP: 8/8
  3771 | D:6      | Gained mutation: You have supernaturally acute eyesight.
                  | (SInv) [potion of mutation]
  4033 | D:6      | Found a snail-covered altar of Cheibriados.
  4286 | D:6      | Found a white marble altar of Elyvilon.
  4379 | D:5      | HP: 3/67 [gnoll/+0 club[a gnoll bouda] (2)]
  4743 | D:3      | Found a glowing silver altar of Zin.
  4743 | D:3      | Found a radiant altar of Vehumet.
  4744 | D:3      | Found a sparkling altar of Nemelex Xobeh.
  5315 | D:3      | Found a faded altar of an unknown god.
  6322 | D:6      | Found Nat Arie's Jewellery Shoppe.
  6493 | D:6      | Identified the +0 robe of Theory {Harm rC+ Int-4 Dex+4}
  7225 | D:7      | Reached skill level 1 in Short Blades
  7459 | D:7      | Found a shadowy altar of Dithmenos.
  7474 | D:7      | HP: 2/68 [steam dragon/ball of steam (20)]
  7479 | D:7      | Killed from afar by a steam dragon

Illustrated notes

Levels and vault maps discovered:
D:1:      dpeg_arrival_arbitrary_c, layout_loops_corners
D:2:      layout_loops_cross, nrook_loot_triangle, nicolae_nh_oracle_at_delphi
D:3:      kennysheep_six_static_rooms, layout_loops_ring,
          chequers_temple_overflow_statue_of_worship,
          hellmonk_ecumenical_altar_heavens_door, mrwooster_statue_mirror,
          st_stairs_2
D:4:      layout_basic, enter_ossuary_3
D:5:      layout_loops_ring, mainiacjoe_overflow_concentric_impassable
D:6:      layout_layer_cave, elyvilon_altar_1, kennysheep_slug_shrine,
          serial_shops, shop, gup_sewer_entry_bowl
D:7:      layout_loops_ring, mainiacjoe_overflow_tiny_flanked,
          minmay_temple_entry_nine_rooms, uniq_maggie

Skill      XL: |  1  2  3  4  5  6  7  8 |
---------------+-------------------------+-----
Fighting       | 4 5 6 7 8 |  8.1
Armour         | 4 5 6 8 |  8.0
Shields        | 4 5 6 7 |  7.3
Short Blades   | 1 |  1.8
Axes           | |  2.6

Action                     |  1- 3 |  4- 6 |  7- 9 || total
---------------------------+-------+-------+-------++-------
  Melee: War axe           |    27 |       |       ||    27
         Dagger            |    93 |   163 |   446 ||   702
Ability: Hop               |       |       |     1 ||     1
    Use: Scroll            |     2 |     2 |     7 ||    11
         Potion            |       |     5 |     4 ||     9
 Armour: Scale mail        |    72 |    98 |   335 ||   505
  Dodge: Dodged            |    62 |    68 |   183 ||   313
  Block: Buckler           |    23 |    25 |   125 ||   173
